 Dungeon Crawl Stone Soup version 0.30-a0-782-ge64f9170bb (webtiles) character file.

Game seed: 3639924695955068034

52 Barriton the Insei (level 3, -6/28 HPs)
             Began as a Draconian Transmuter on Mar 6, 2023.
             Mangled by Sigmund
             ... wielding a +0 scythe
              (9 damage)
             ... on level 2 of the Dungeon.
             The game lasted 00:02:05 (1302 turns).

Barriton the Insei (Draconian Transmuter)           Turns: 1302, Time: 00:02:05

Health: -6/28      AC:  5    Str: 12    XL:     3   Next: 60%
Magic:  4/6        EV: 12    Int: 13    God:
Gold:   69         SH:  0    Dex: 13    Spells: 3/6 levels left

rFire   . . .      SeeInvis .      - Unarmed
rCold   . . .      Faith    .    (no shield)
rNeg    . . .      Spirit   .    (body armour unavailable)
rPois   .          Reflect  .    (helmet restricted)
rElec   .          Harm     .    (no cloak)
rCorr   .          Rampage  .    (no gloves)
Will    .....                    (no boots)
Stlth   +                        (no amulet)
HPRegen 0.24/turn                (no ring)
MPRegen 0.10/turn                (no ring)

@: wereblooded
A: AC +5, unfitting armour, cold-blooded
a: no special abilities


You were on level 2 of the Dungeon.
You visited 1 branch of the dungeon, and saw 2 of its levels.

You collected 69 gold pieces.

Inventory:

Scrolls
 e - a scroll of enchant weapon {unknown}
 g - a scroll of magic mapping {unknown}
 h - a scroll of identify
Potions
 a - 2 potions of lignification
 b - 3 potions of curing
 c - 2 potions of resistance {unknown}
 d - a potion of magic {unknown}
 f - 2 potions of attraction {unknown}


   Skills:
 + Level 1.2 Fighting
 + Level 1.9 Dodging
 + Level 0.6 Stealth
 + Level 3.9 Unarmed Combat
 + Level 2.4 Spellcasting
 + Level 2.2 Transmutations


You had 3 spell levels left.
You knew the following spells:

 Your Spells              Type           Power      Damage    Failure   Level
a - Beastly Appendage     Tmut           14%        N/A       10%         1
b - Wereblood             Tmut           7%         N/A       14%         2

Your spell library contained the following spells:

 Spells                   Type           Power      Damage    Failure   Level
 Spider Form              Tmut/Pois      4%         N/A       43%         3
 Ice Form                 Ice/Tmut       4%         N/A       83%         4
 Yara's Violent Unravell  Hex/Tmut       2%         3d3       99%         5
 Enfeeble                 Hex            0%         N/A       100%        7


Dungeon Overview and Level Annotations

Branches:
Dungeon (2/15)

Altars:

Annotations:
D:2 Sigmund


Innate Abilities, Weirdness & Mutations

Your plain brown scales are hard. (AC +5)
You cannot fit into any form of body armour.
You are cold-blooded and may be slowed by cold attacks.


Message History

Sigmund is nearby!
Casting: Beastly Appendage (safe; 10% risk of failure)
Confirm with . or Enter, or press ? or * to list all spells.
You grow a pair of large bovine horns.
Your feet morph into talons.
Casting: Beastly Appendage (safe; 10% risk of failure)
Confirm with . or Enter, or press ? or * to list all spells.
Your blood is infused with primal strength.
Your transformation is almost over.
Sigmund shouts!
Sigmund mumbles some strange words.
Sigmund flickers and vanishes!
Deactivating autopickup; reactivate with Ctrl-A.
No target in view!
Something hits you but does no damage.
You closely miss something. Your kick misses something. You headbutt something.
Your tail-slap misses something.
Your punch misses something. You barely miss something.
Your kick misses something.
Your tail-slap misses something.
Something hits you!
You hit something but do no damage. Your kick misses something.
You tail-slap something. Something hits you but does no damage.
You hit something but do no damage. Your kick misses something.
Your tail-slap misses something.
You closely miss something. You claw something. Your headbutt misses something.
Something hits you!
You miss something.
You hear some strange, mumbled words.
A magic dart appears from out of thin air!
The magic dart hits you.
* * * LOW HITPOINT WARNING * * *
You hit something but do no damage. You claw something.
Your headbutt misses something. Something hits you.
* * * LOW HITPOINT WARNING * * *
You closely miss something. You claw something. You barely miss something.
You hear some strange, mumbled words.
Something tries to affect you, but you resist.
You miss something. You tail-slap something.
Your horns disappear.
Your talons disappear.
Something hits you!
You die...

#.# #..#
#####.....
#.#####.#
#.....
#..)...##
#.....
#######.##
....#.
#..# . #.
#.#.# #
#.#..##
#.##..##
#.@{...#
#.####
####..##
......
....
......
####
..####


There were no monsters in sight!

Vanquished Creatures
  An adder (D:2)
  2 dart slugs (D:1)
  5 ball pythons
  3 endoplasms
  A giant cockroach (D:1)
  4 goblins
  3 hobgoblins (D:1)
  2 quokkas (D:2)
  5 bats
  A frilled lizard (D:1)
  5 kobolds
  5 rats (D:1)
37 creatures vanquished.

Notes
Turn   | Place    | Note
-------+----------+-------------------------------------------
     0 | D:1      | Barriton the Draconian Transmuter began the quest for the
                  | Orb.
     0 | D:1      | Reached XP level 1. HP: 16/16 MP: 3/3
    83 | D:1      | Reached XP level 2. HP: 17/23 MP: 5/5
   101 | D:1      | Learned a level 2 spell: Wereblood
   628 | D:1      | Reached XP level 3. HP: 25/28 MP: 4/6
   678 | D:1      | Found a faded altar of an unknown god.
  1289 | D:2      | Noticed Sigmund
  1302 | D:2      | Mangled by Sigmund

Illustrated notes

Levels and vault maps discovered:
D:1:      sevenhm_arrival_forest_fort_large_2, layout_rooms,
          basic_ecumenical_altar, roderic_serpentine_path
D:2:      layout_loops_ring, minmay_statues_item, kennysheep_nub, uniq_robin,
          uniq_sigmund

Action                     || total
---------------------------++-------
  Melee: Unarmed           ||   100
         Kick              ||    19
         Tailslap          ||    11
         Headbutt          ||    12
         Punch             ||     1
   Cast: Beastly Appendage ||    23
         Wereblood         ||     1
    Use: Scroll            ||     3
   Stab: Sleeping          ||     2
 Armour: Skin              ||    22
  Dodge: Dodged            ||    52

Table legend: (Time is in decaauts)
 A = Elapsed time spent in this place.
 B = Non-inter-level travel time spent in this place.
 C = Inter-level travel time spent in this place.
 D = Time resting spent in this place.
 E = Time spent auto-exploring this place.
 F = Levels seen in this place.
 G = Mean time per level.
                   A        B        C        D        E       F      G
               +--------+--------+--------+--------+--------+-----+--------+
         Total |   1305 |   1267 |     38 |      0 |   1014 |   2 |  652.5 |
       Dungeon |   1305 |   1267 |     38 |      0 |   1014 |   2 |  652.5 |
               +--------+--------+--------+--------+--------+-----+--------+

Top non-repeatable levels by time:
     D:1: 794 daAuts
     D:2: 511 daAuts
